Map: White Chamber

Players

Darius - Winner!

  • Race: Protoss Protoss
  • League: Gold
  • Spawn Location: 5:00

FunkyDanDog - Winner!

  • Race: Terran Terran
  • Spawn Location: 5:00

WeAreLegion - Winner!

  • Race: Terran Terran
  • League: Gold
  • Spawn Location: 6:00

Weezy

  • Race: Protoss Protoss
  • League: Bronze
  • Spawn Location: 11:00

ERUYV

  • Race: Zerg Zerg
  • League: Gold
  • Spawn Location: 12:00

BAMF

  • Race: Protoss Protoss
  • Spawn Location: 11:00

VOD

Have the link to the VOD?

Description

Time

  • Played on: Dec. 16, 2024, 11:18 p.m.
  • Length: 16:19
Show
View Real Time Build Order
Export as new Build Order

Darius Protoss - Winner!

Build Orders: Oracle Opening, Carriers 

Get SALT Encoding   

  12  0:00  Probe  
  13  0:12  Probe  
  14  0:22  Pylon  
  14  0:24  Probe  
  15  0:36  Probe  
  16  0:44  Probe  
  16  0:46  Gateway  
  17  0:52  Assimilator  
  17  0:54  Probe  
  18  1:01  Assimilator  
  18  1:04  Probe  
  19  1:12  Probe  
  20  1:20  Probe, Pylon  
  22  1:32  Probe  
  22  1:35  Cybernetics Core  
  22  1:45  Probe  
  23  1:57  Probe  
  24  2:12  Stargate  
  24  2:27  Pylon  
  24  2:32  Warp Gate  
  24  2:45  Oracle  
  24  2:47  Nexus  
  27  3:14  Pylon  
  27  3:16  Probe  
  27  3:18  Oracle  
  28  3:22  Stargate  
  28  3:28  Probe  
  32  3:40  Probe  
  33  3:51  Assimilator  
  33  3:52  Probe  
  34  3:56  Assimilator  
  34  4:00  Forge  
  34  4:23  Probe  
  35  4:35  Probe  
  36  4:47  Probe  
  37  4:59  Probe  
  38  5:09  Gateway  
  38  5:11  Gateway  
  38  5:12  Probe  
  39  5:18  Stargate  
  39  5:21  Stargate  
  39  5:24  Probe  
  40  5:36  Probe  
  40  5:39  Protoss Shields Level 1  
  41  5:42  Nexus  
  41  5:46  Protoss Air Weapons Level 1  
  41  5:48  Probe  
  46  5:51  Void Ray  
  46  5:57  Photon Cannon  
  46  5:59  Photon Cannon  
  46  6:01  Photon Cannon  
  46  6:03  Shield Battery  
  46  6:08  Shield Battery  
  45  6:39  Stalker  
  47  7:08  Void Ray x2  
  55  7:17  Stalker  
  57  7:33  Nexus  
  57  7:35  Pylon  
  57  7:36  Fleet Beacon  
  57  7:39  Pylon  
  57  7:52  Assimilator  
  57  7:53  Probe  
  57  7:57  Assimilator  
  58  7:59  Probe  
  58  8:03  Protoss Air Armor Level 1  
  59  8:06  Probe  
  59  8:12  Pylon, Probe  
  61  8:16  Photon Cannon  
  61  8:18  Probe  
  62  8:24  Probe  
  63  8:30  Probe  
  64  8:36  Probe  
  64  8:38  Carrier  
  64  8:39  Carrier  
  77  8:41  Carrier  
  83  8:53  Probe  
  83  8:54  Probe x2  
  85  9:01  Probe  
  86  9:06  Probe x2  
  89  9:11  Probe  
  90  9:18  Probe x2  
  90  9:23  Probe  
  93  9:30  Probe  
  93  9:31  Probe  
  95  9:34  Flux Vanes  
  95  9:35  Probe  
  95  9:38  Cybernetics Core  
  96  9:58  Pylon  
  96  9:59  Sentry, Pylon  
  98  10:16  Carrier  
  98  10:17  Carrier x2  
  116  10:25  Protoss Air Weapons Level 2, Protoss Air Armor Level 2  
  116  11:02  Pylon  
  116  11:06  Robotics Facility  
  116  11:17  Twilight Council  
  116  11:20  Carrier  
  122  11:28  Pylon  
  122  11:29  Pylon  
  122  11:31  Pylon  
  122  11:46  Tempest  
  126  11:48  Tempest  
  126  11:49  Tempest  
  134  12:28  Tempest x2  
  142  12:41  Nexus  
  142  12:43  Pylon  
  142  12:45  Pylon  
  142  12:48  Assimilator  
  142  12:53  Assimilator, Stalker  
  142  13:11  Probe  
  143  13:22  Carrier x2  
  143  13:23  Probe, Carrier  
  143  13:25  Unknown  
  162  13:52  Carrier  
Show
View Real Time Build Order
Export as new Build Order

FunkyDanDog Terran - Winner!

Build Orders:  

Get SALT Encoding   

  12  0:01  SCV  
  13  0:22  SCV  
  13  0:26  Supply Depot  
  14  0:35  SCV  
  15  0:47  SCV  
  16  0:50  Barracks  
  16  0:59  SCV  
  17  1:11  SCV, Refinery  
  18  1:23  SCV  
  19  1:33  Barracks  
  19  1:36  SCV  
  20  1:51  Orbital Command  
  20  1:55  Refinery  
  20  2:01  Barracks Reactor  
  20  2:13  Supply Depot  
  20  2:23  SCV  
  20  2:28  Barracks Reactor  
  21  2:31  Barracks  
  21  2:35  SCV  
  21  2:36  Supply Depot  
  22  2:42  Reaper x2  
  24  2:48  SCV  
  25  3:00  SCV  
  26  3:09  Reaper  
  26  3:10  Reaper  
  26  3:12  SCV  
  29  3:21  Barracks Reactor  
  29  3:41  Command Center  
  29  3:42  Supply Depot  
  29  3:47  Reaper  
  29  3:48  Reaper  
  31  3:51  Reaper x2  
  33  4:05  Supply Depot  
  31  4:22  Reaper x3  
  30  4:48  Reaper  
  31  4:54  Reaper  
  25  5:50  Orbital Command  
  25  5:54  Refinery  
  25  6:00  Factory  
  25  6:05  Marine x2  
  27  6:19  Bunker  
  27  6:23  Marine x2  
  29  6:29  Ghost Academy  
  29  6:37  SCV  
  30  6:41  Marine x2  
  32  6:49  SCV  
  35  6:54  Hellion  
  35  6:57  Factory  
  35  6:59  Marine x2  
  35  7:01  SCV  
  38  7:05  Engineering Bay  
  38  7:13  Supply Depot, SCV  
  41  7:15  Hellion  
  41  7:16  Marine x2  
  43  7:25  SCV  
  44  7:31  Armory  
  44  7:34  Marine x2  
  44  7:36  Supply Depot  
  46  7:37  SCV  
  46  7:38  Factory Tech Lab  
  46  7:42  Factory Tech Lab  
  47  7:49  SCV  
  48  7:52  Marine x2  
  48  7:57  Barracks Tech Lab, Refinery  
  50  8:01  Barracks Tech Lab, SCV  
  51  8:10  Marine x2  
  53  8:13  SCV  
  53  8:14  Supply Depot  
  53  8:15  Siege Tank x2  
  60  8:26  SCV  
  61  8:28  Marine x2  
  61  8:31  Ghost x2  
  69  8:37  Supply Depot  
  69  8:38  SCV  
  69  8:41  Command Center  
  70  8:42  Starport  
  70  8:45  Marine  
  70  8:46  Marine  
  70  8:47  Siege Tank x2  
  78  8:53  SCV  
  79  9:00  Supply Depot, Marauder x2  
  79  9:01  Refinery  
  83  9:06  SCV  
  84  9:14  Stimpack  
  84  9:15  Combat Shield  
  84  9:18  SCV  
  84  9:21  Siege Tank x2, Marauder x2  
  95  9:30  SCV  
  96  9:42  SCV  
  96  9:43  Marauder x2  
  101  9:51  Marine x2  
  103  10:04  Marauder x2  
  107  10:09  Marine x2  
  107  10:10  Starport Reactor  
  107  10:13  Terran Infantry Weapons Level 1  
  109  10:15  Terran Vehicle Weapons Level 1  
  109  10:23  Supply Depot  
  109  10:27  Marine  
  110  10:29  Personal Cloaking  
  110  10:34  Concussive Shells  
  110  10:35  SCV  
  111  10:47  Supply Depot, SCV  
  111  10:48  SCV  
  113  10:55  Refinery, Marauder x2  
  117  10:59  SCV  
  117  11:00  SCV  
  119  11:09  Supply Depot  
  119  11:10  Siege Tank x2  
  125  11:11  SCV  
  125  11:12  SCV  
  125  11:14  Medivac  
  125  11:16  Marauder x2  
  133  11:23  SCV  
  133  11:24  SCV  
  135  11:35  SCV  
  135  11:37  SCV, Ghost, Marauder  
  142  11:48  SCV  
  143  11:58  Marine  
  143  12:00  SCV  
  145  12:05  Marine  
  145  12:08  Terran Infantry Armor Level 1  
  146  12:09  Terran Vehicle And Ship Armor Level 1  
  146  12:12  SCV  
  147  12:16  Marine  
  148  12:23  Marine  
  148  12:28  Supply Depot  
  148  12:29  Nuke  
  149  12:42  Supply Depot  
  149  12:43  Planetary Fortress  
  149  12:49  Ghost x2, Medivac  
  149  12:50  Supply Depot  
  157  13:03  Siege Tank x2, Medivac  
  157  13:04  Supply Depot  
  165  13:13  Supply Depot  
  165  13:18  Marauder x2  
  165  13:19  Medivac  
  171  13:27  Supply Depot  
  171  13:28  Infernal Pre-Igniter  
  171  13:30  Smart Servos  
  171  13:33  Medivac  
  173  13:42  Command Center  
  173  14:02  Neosteel Armor  
  173  14:03  Terran Ship Weapons Level 1  
  173  14:20  Thor x2  
  160  15:03  Siege Tank x2  
  151  15:35  Siege Tank x2  
  141  16:06  Refinery  
Show
View Real Time Build Order
Export as new Build Order

WeAreLegion Terran - Winner!

Build Orders:  

Get SALT Encoding   

  12  0:00  SCV  
  13  0:12  SCV  
  14  0:18  Supply Depot  
  14  0:27  SCV  
  15  0:40  SCV  
  16  0:44  Barracks  
  16  0:52  SCV  
  17  1:07  SCV, Refinery  
  18  1:12  Refinery  
  18  1:18  Barracks  
  18  1:19  SCV  
  19  1:35  Orbital Command  
  19  1:43  Supply Depot  
  19  1:51  Reaper  
  20  2:05  SCV  
  21  2:20  SCV, Command Center  
  22  2:23  Reaper x2  
  24  2:32  SCV  
  25  2:45  SCV  
  25  2:46  Factory  
  26  2:55  Marine  
  26  2:57  SCV  
  28  3:13  Reaper  
  28  3:17  Reaper  
  30  3:25  Supply Depot  
  30  3:27  SCV  
  31  3:37  Starport  
  31  3:39  SCV, Factory Tech Lab  
  33  3:49  Reaper  
  33  3:51  Reaper  
  30  4:22  SCV x2  
  30  4:23  Reaper  
  33  4:26  Starport Tech Lab  
  33  4:29  Barracks Tech Lab  
  33  4:34  SCV x2  
  35  4:38  Barracks  
  35  4:41  Barracks  
  35  4:44  Supply Depot  
  35  4:46  Siege Tank, SCV x2  
  40  4:57  Refinery  
  40  4:58  Refinery  
  40  4:59  Raven  
  40  5:12  SCV  
  40  5:14  Orbital Command  
  41  5:24  SCV  
  42  5:31  Barracks Tech Lab  
  42  5:35  Factory Reactor  
  42  5:36  SCV  
  42  5:37  Marine  
  42  5:38  Marine  
  46  5:42  SCV  
  46  5:48  SCV  
  47  5:54  Marine  
  47  5:55  SCV, Marine  
  47  5:56  Marine  
  50  6:00  SCV  
  51  6:12  SCV, Marine  
  51  6:14  Marine  
  51  6:18  Hellion x2  
  58  6:22  Liberator  
  58  6:24  SCV  
  62  6:28  Engineering Bay  
  62  6:29  Supply Depot  
  62  6:31  Supply Depot  
  62  6:51  SCV x2, Marine x2, Hellion x2  
  62  6:53  Marine  
  71  7:03  SCV x2  
  71  7:05  Liberator  
  76  7:08  Marine  
  76  7:09  Marauder  
  76  7:10  Marine, Armory  
  76  7:13  Engineering Bay, Widow Mine x2  
  76  7:15  SCV  
  85  7:26  Marine  
  86  8:01  Supply Depot x2  
  86  8:06  Marine x2  
  86  8:07  Marauder, Widow Mine x2  
  94  8:22  Liberator  
  94  8:23  SCV x2  
  94  8:24  Supply Depot, Marine, Marauder  
  94  8:25  Supply Depot  
  102  8:27  Marine  
  102  8:28  Widow Mine x2  
  107  8:35  SCV x2  
  109  8:41  Command Center  
  109  8:42  Marine  
  109  8:45  Marine  
  109  8:46  Marauder  
  109  8:47  SCV x2  
  115  8:49  Widow Mine  
  115  8:51  Command Center  
  117  8:59  SCV x2, Marine  
  120  9:03  Marine  
  120  9:05  Liberator  
  120  9:07  Marine  
  125  9:11  SCV  
  126  9:27  Marine x3, Widow Mine x2  
  133  9:31  Supply Depot  
  133  9:32  Supply Depot  
  133  9:36  Barracks  
  133  9:38  Barracks  
  133  9:44  Marine  
  134  9:53  Marine x2, Liberator, Widow Mine  
  134  9:56  Supply Depot  
  134  9:57  Supply Depot  
  141  10:00  Widow Mine  
  141  10:03  Marauder  
  145  10:11  Marine, Marauder  
  148  10:15  Widow Mine  
  148  10:17  Terran Infantry Weapons Level 1  
  148  10:18  Terran Infantry Armor Level 1  
  148  10:19  Terran Ship Weapons Level 1  
  150  10:22  Starport, Widow Mine  
  150  10:24  Marine  
  150  10:26  SCV  
  150  10:27  SCV x2  
  157  10:28  Marine  
  157  10:31  Planetary Fortress  
  157  10:32  Marauder  
  159  10:36  Liberator, Widow Mine  
  159  10:38  SCV  
  159  10:39  SCV  
  159  10:41  Marine  
  167  10:46  Marine  
  168  10:54  Marauder  
  170  10:59  Marine  
  171  11:04  Marine  
  172  11:15  Marine  
  167  11:25  Marine x2  
  168  11:26  Marauder  
  168  11:28  Barracks Tech Lab  
  168  11:29  Barracks Reactor  
  171  11:33  Marauder  
  171  11:34  Starport Reactor  
  171  11:38  SCV x3  
  177  11:42  Orbital Command  
  177  11:43  Marine  
  177  11:44  Marauder  
  179  11:47  Marauder  
  179  11:48  Supply Depot  
  179  11:50  SCV x3  
  184  11:54  Marine  
  184  12:01  Marine  
  186  12:04  Marine  
  187  12:09  Refinery, Marauder  
  187  12:11  Refinery  
  187  12:12  Marauder  
  191  12:16  Refinery  
  191  12:18  Refinery  
  191  12:23  Marine, Marauder  
  191  12:24  Marine x3  
  191  12:25  SCV x3  
  194  13:22  Terran Infantry Weapons Level 2  
  194  13:23  Terran Ship Weapons Level 2, Terran Infantry Armor Level 2  
  194  13:32  Armory  
  194  13:56  Medivac x3  
  197  14:32  Marine x3  
  187  15:12  Marine x2  
  187  15:14  Viking x3  
  132  15:26  Marine x3  
  132  15:27  Marauder  
  131  15:30  Siege Tank, Marine x2  
  130  15:44  Marine x2, Marauder x2, Viking x2  
  130  15:45  Marine  
  130  15:47  Viking  
  130  15:48  Marine x3  
  160  16:13  Command Center  
Show
View Real Time Build Order
Export as new Build Order

Weezy Protoss 

Build Orders: Cannon Rush 

Get SALT Encoding   

  12  0:39  Probe  
  12  0:47  Probe  
  13  0:54  Pylon  
  14  0:57  Probe  
  15  1:12  Probe  
  15  1:15  Forge  
  15  1:16  Gateway  
  15  1:17  Gateway  
  16  1:19  Pylon  
  16  1:52  Photon Cannon  
  16  1:54  Photon Cannon  
  16  1:55  Photon Cannon  
  16  2:01  Nexus  
  16  2:04  Probe  
  17  2:09  Assimilator  
  17  2:11  Assimilator  
  17  2:12  Probe  
  17  2:22  Pylon  
  18  2:25  Pylon  
  18  2:27  Pylon  
  18  2:29  Zealot x2, Protoss Ground Weapons Level 1  
  22  2:34  Probe  
  22  2:40  Cybernetics Core  
  22  2:42  Probe  
  24  2:52  Probe  
  24  2:56  Zealot  
  27  3:04  Probe  
  28  3:13  Photon Cannon  
  28  3:15  Photon Cannon  
  28  3:16  Probe  
  29  3:23  Warp Gate  
  29  3:28  Probe  
  32  3:34  Stalker x2  
  30  3:40  Probe  
  35  4:01  Stalker  
  37  4:24  Probe  
  37  4:26  Photon Cannon  
  37  4:27  Stalker, Photon Cannon  
  37  4:28  Stalker  
  42  4:36  Probe  
  42  5:08  Probe  
  43  5:16  Probe  
  43  5:17  Assimilator  
  43  5:21  Assimilator  
  44  5:25  Probe  
  45  5:37  Probe  
  45  5:41  Pylon  
  46  5:49  Probe  
  47  5:58  Stalker x2  
  45  6:25  Probe  
  46  6:33  Probe  
  46  6:35  Photon Cannon  
  46  6:38  Stalker x2, Pylon, Photon Cannon  
  51  6:43  Probe  
  48  7:07  Probe  
  49  7:15  Probe  
  50  7:23  Protoss Ground Armor Level 1  
  50  7:25  Stalker x2, Probe  
  55  7:30  Pylon  
  55  7:31  Pylon  
  55  7:33  Gateway  
  55  7:36  Gateway  
  51  7:38  Gateway, Probe  
  52  7:50  Probe  
  53  8:03  Stalker x2  
  57  8:09  Twilight Council  
  57  8:10  Pylon  
  57  8:13  Pylon  
  57  8:26  Probe  
  58  8:35  Probe  
  59  8:44  Probe  
  60  8:57  Probe  
  60  8:59  Stalker x3  
  60  9:00  Stalker x2  
  71  9:22  Probe  
  71  9:26  Robotics Facility  
  71  9:28  Robotics Facility  
  71  9:30  Probe  
  73  9:40  Probe  
  73  9:42  Protoss Ground Armor Level 2  
  73  9:44  Blink  
  74  9:52  Probe  
  75  9:53  Pylon  
  75  9:55  Pylon  
  75  10:15  Immortal  
  75  10:19  Immortal  
  83  10:46  Zealot x2  
  83  10:47  Zealot x3  
  93  10:54  Immortal  
  97  10:58  Immortal  
  101  11:38  Immortal  
  101  11:39  Immortal  
  109  11:45  Charge  
  109  11:59  Pylon  
  109  12:01  Pylon  
  109  12:02  Pylon  
  109  12:05  Pylon  
  109  12:11  Pylon  
  109  12:13  Pylon  
  109  12:34  Photon Cannon  
  109  12:35  Photon Cannon  
  109  12:36  Stalker x4, Photon Cannon x2  
  117  12:37  Stalker  
  117  12:38  Protoss Ground Weapons Level 2, Photon Cannon  
  117  12:39  Photon Cannon  
  117  12:41  Photon Cannon  
  119  14:05  Stalker x3  
  119  14:06  Stalker x2  
  42  15:53  Stalker x3  
Show
View Real Time Build Order
Export as new Build Order

ERUYV Zerg 

Build Orders: Pool First 

Get SALT Encoding   

  12  0:58  Drone x2  
  12  1:00  Spawning Pool  
  12  1:02  Extractor  
  12  1:03  Extractor  
  11  1:17  Overlord x2  
  11  1:30  Drone  
  11  1:32  Drone  
  13  1:44  Hatchery  
  12  2:00  Zergling x2  
  12  2:01  Zergling x2, Metabolic Boost  
  14  2:11  Drone  
  15  2:55  Zergling x6  
  18  2:59  Lair  
  18  3:12  Zergling x2  
  19  3:13  Zergling x2  
  19  3:14  Drone  
  21  3:41  Drone x3  
  21  3:42  Zergling x2  
  21  3:43  Zergling x2  
  26  4:06  Drone x3, Spire  
  26  4:07  Spore Crawler  
  22  4:55  Zergling x2  
  22  4:56  Zergling x4  
  24  5:00  Spore Crawler  
  20  5:07  Drone x2  
  20  5:08  Drone  
  23  5:23  Zerg Flyer Weapons Level 1  
  23  5:45  Drone x3  
  26  5:51  Drone  
  26  5:52  Drone x2  
  29  6:19  Drone x3, Queen, Spore Crawler  
  29  6:21  Spore Crawler  
  29  6:55  Corruptor x3  
  35  7:41  Overlord x3  
  35  7:43  Overlord x3  
  35  7:51  Spore Crawler  
  35  7:52  Spore Crawler  
  33  8:19  Corruptor x2  
  37  8:23  Zerg Flyer Armor Level 1  
  37  8:33  Drone x3  
  40  8:36  Queen, Extractor  
  40  8:37  Extractor  
  40  8:38  Corruptor x3  
  46  9:10  Pneumatized Carapace  
  46  9:14  Overlord x2  
  46  9:35  Drone x3  
  49  10:25  Corruptor x3  
  55  10:56  Overlord x2  
  55  10:57  Overlord x2  
  55  10:59  Zerg Flyer Weapons Level 2  
  55  11:25  Mutalisk x5  
  55  11:26  Mutalisk x2  
  55  11:28  Mutalisk x2  
  55  11:29  Mutalisk  
  75  12:16  Infestation Pit  
  75  12:17  Mutalisk x4  
  72  14:44  Overseer  
  72  15:05  Corruptor x6  
Show
View Real Time Build Order
Export as new Build Order

BAMF Protoss 

Build Orders:  

Get SALT Encoding   

  12  0:30  Probe  
  13  0:38  Probe  
  13  0:48  Probe  
  15  1:03  Pylon  
  15  1:06  Assimilator  
  15  1:08  Assimilator  
  15  1:17  Probe  
  15  1:23  Forge  
  15  1:25  Probe  
  16  1:26  Gateway  
  16  1:28  Gateway  
  17  1:35  Probe  
  18  1:44  Pylon  
  18  1:47  Probe  
  19  1:59  Probe  
  20  2:12  Probe  
  21  2:24  Probe  
  22  2:36  Probe  
  23  2:44  Zealot x2  
  23  2:48  Probe  
  23  2:49  Pylon  
  28  2:53  Cybernetics Core  
  28  3:17  Zealot  
  30  3:24  Protoss Ground Weapons Level 1  
  30  3:30  Gateway  
  30  3:31  Gateway, Warp Gate  
  30  3:45  Stalker x2  
  34  4:07  Nexus  
  33  4:36  Probe  
  33  4:44  Probe  
  34  4:54  Probe  
  35  5:06  Probe  
  36  5:18  Probe  
  36  5:50  Probe  
  36  6:07  Stalker  
  38  6:19  Pylon  
  38  6:21  Pylon  
  38  6:23  Pylon  
  38  6:24  Pylon  
  38  6:26  Gateway  
  38  6:28  Gateway  
  38  6:41  Protoss Ground Armor Level 1  
  34  6:53  Stalker x4  
  42  7:06  Pylon  
  42  7:08  Pylon  
  42  7:09  Photon Cannon  
  42  7:11  Gateway, Photon Cannon  
  42  7:12  Gateway  
  42  7:29  Stalker x2  
  46  7:30  Stalker x4  
  54  7:52  Photon Cannon  
  54  7:54  Photon Cannon  
  54  7:58  Photon Cannon  
  54  7:59  Stalker  
  56  8:12  Twilight Council  
  56  8:13  Nexus  
  56  8:15  Pylon  
  56  8:16  Stalker x2  
  56  8:17  Stalker x5, Pylon  
  70  8:47  Photon Cannon x2  
  70  8:51  Photon Cannon  
  70  8:52  Photon Cannon  
  70  9:02  Stalker  
  70  9:03  Stalker  
  74  9:22  Robotics Facility  
  74  9:23  Robotics Facility  
  74  9:26  Probe  
  75  9:34  Probe  
  75  9:44  Probe  
  76  9:51  Protoss Ground Weapons Level 2  
  77  9:56  Probe  
  77  9:57  Stalker  
  77  9:58  Stalker x2  
  77  9:59  Stalker x3  
  90  10:00  Stalker  
  92  10:08  Probe  
  92  10:11  Observer x2  
  95  10:28  Observer  
  96  10:52  Zealot x5  
  96  10:53  Zealot x2  
  110  11:50  Zealot x4  
  118  11:59  Pylon  
  118  12:01  Pylon  
  118  12:04  Pylon  
  118  12:05  Pylon  
  118  12:07  Pylon  
  117  12:09  Pylon  
  117  12:12  Pylon  
  117  12:13  Pylon  
  117  12:15  Protoss Ground Armor Level 2  
  117  12:18  Probe  
  117  12:20  Pylon  
  118  12:26  Probe  
  118  12:27  Assimilator  
  118  12:31  Assimilator  
  118  12:35  Probe  
  120  12:45  Stalker x2  
  120  12:46  Stalker x5  
  120  12:48  Probe  
  135  13:32  Probe  
  135  13:40  Probe  
  135  13:50  Probe  
  136  14:00  Zealot x8  
  136  14:02  Probe  
  153  14:14  Probe  
  50  15:17  Stalker  
  50  15:18  Stalker x7  
  50  15:48  Stalker x2  
  50  15:49  Stalker x6  
Tags
 
Add a new tag
Caveats
  • Supply blocks, unpowered buildings, or Contaminate may cause inaccurate times.
  • Supply counts are checked every 10 seconds.